 Dungeon Crawl Stone Soup version 0.28-a0-97-g102d6777a4 (webtiles) character file.

Game seed: 1268446062272073404

1650 lemonriz the Slasher (level 8, -1/67 (68) HPs)
             Began as a Palentonga Fighter on Aug 9, 2021.
             Was a Plaything of Xom.
             Slain by a hornet (2 damage)
             ... on level 7 of the Dungeon.
             The game lasted 00:20:46 (8227 turns).

lemonriz the Slasher (Palentonga Fighter)           Turns: 8227, Time: 00:20:46

HP:   -1/67 (68)    AC: 19    Str: 32    XL:     8   Next: 67%
MP:   8/8           EV:  7    Int: 11    God:    Xom [...*..]
Gold: 405           SH: 10    Dex:  7    Spells: 6/7 levels left

rFire   . . .      SeeInvis +   q - +3 falchion (holy)
rCold   . . .      Faith    .   c - +0 kite shield
rNeg    . . .      Spirit   .   b - +0 scale mail
rPois   .          Reflect  .   (helmet restricted)
rElec   .          Harm     .   (no cloak)
rCorr   .          Rampage  .   p - +2 pair of gloves {Stlth+}
Will    .....                   (no barding)
Stlth   +.........              (no amulet)
HPRegen 0.21/turn               j - +6 ring of strength
MPRegen 0.11/turn               y - +6 ring of strength

@: cleaving, lightly drained, curled up
A: large, rugged brown scales 3, see invisible, deformed body, roll 1, armoured
tail, reflexive curl, antennae 1, iridescent scales 1, clumsy 1
a: Rolling Charge, Renounce Religion


You were on level 7 of the Dungeon.
You worshipped Xom.
You were a favourite toy of Xom.
You visited 2 branches of the dungeon, and saw 8 of its levels.

You collected 405 gold pieces.

Inventory:

Hand Weapons
 a - a +0 long sword
 n - a +3 long sword of freezing
 q - a +3 falchion of holy wrath (weapon)
Missiles
 i - a throwing net
Armour
 b - a +0 scale mail (worn)
 c - a +0 kite shield (worn)
 p - a +2 pair of gloves of stealth (worn)
 r - a +0 chain mail
 A - a +0 pair of gloves
Jewellery
 h - an amulet of magic regeneration
 j - a +6 ring of strength (left hand)
 l - a +6 ring of intelligence
 x - a ring of protection from cold
 y - a +6 ring of strength (right hand)
 B - a ring of fire
 C - a ring of resist corrosion
 G - a +6 ring of intelligence
Wands
 s - a wand of mindburst (15)
Scrolls
 e - 3 scrolls of enchant weapon {unknown}
 g - 5 scrolls of teleportation
 k - 4 scrolls of identify
 m - a scroll of enchant armour {unknown}
 o - a scroll of silence {unknown}
 u - 2 scrolls of fear {unknown}
 v - 2 scrolls of noise {unknown}
 D - a scroll of blinking {unknown}
 E - 2 scrolls of immolation {unknown}
 F - a scroll of brand weapon {unknown}
 H - a scroll of magic mapping {unknown}
Potions
 d - 2 potions of might
 f - a potion of curing
 w - a potion of attraction
 z - a potion of ambrosia {unknown}
 I - a potion of magic {unknown}


   Skills:
 + Level 6.0 Fighting
 + Level 6.1 Long Blades
 + Level 5.2 Armour
 - Level 0.5 Dodging
 + Level 5.0 Shields


You had 6 spell levels left.
You knew the following spells:

 Your Spells              Type           Power      Damage    Failure   Level
a - Animate Skeleton      Necr           0%         N/A       85%         1

Your spell library contained the following spells:

 Spells                   Type           Power      Damage    Failure   Level
 Pain                     Necr           0%         1d4       85%         1
 Sublimation of Blood     Necr           0%         N/A       94%         2
 Portal Projectile        Hex/Tloc       0%         N/A       99%         3
 Vampiric Draining        Necr           0%         2d6       99%         3
 Blade Hands              Tmut           0%         N/A       100%        5
 Excruciating Wounds      Necr           0%         N/A       100%        5
 Malign Gateway           Summ/Tloc      0%         N/A       100%        7
 Summon Horrible Things   Summ           0%         N/A       100%        8


Dungeon Overview and Level Annotations

Branches:
Dungeon (7/15)             Temple (1/1) D:4

Altars:
Ashenzari
Dithmenos
Elyvilon
Fedhas
Gozag
Hepliaklqana
Kikubaaqudgha
Makhleb
Nemelex Xobeh
Okawaru
Qazlal
Ru
Sif Muna
Trog
Uskayaw
Vehumet
Xom
Yredelemnul
Zin
The Shining One

Shops:
D:1 (


Innate Abilities, Weirdness & Mutations

You are completely covered in rugged brown scales. (AC +3, +7% HP)
You have supernaturally acute eyesight. (SInv)
Armour fits poorly on your strangely shaped body.
You can roll at nearby foes to attack.
You have a long armoured tail.
You curl defensively after being hit.
You have a pair of small antennae on your head.
You are partially covered in iridescent scales. (AC +2)
You are clumsy. (Dex -2)


Message History

The wyvern bites you! You block the wyvern's attack.
You barely miss the wyvern. You tail-slap the wyvern.
The wyvern is heavily wounded.
The wyvern barely misses you.
You riposte.
You hit the wyvern.
Your tail-slap misses the wyvern.
The wyvern is heavily wounded.
The wyvern closely misses you.
You barely miss the wyvern. You tail-slap the wyvern.
The wyvern is heavily wounded.
The wyvern barely misses you.
You hit the wyvern.
The wyvern is severely wounded.
The wyvern bites you. You block the wyvern's attack.
A hornet comes into view.
The hornet buzzes angrily.
You hit the wyvern but do no damage.
The wyvern is severely wounded.
The wyvern bites you.
A sky beast comes into view.
The wyvern bites you!
* * * LOW HITPOINT WARNING * * *
You hit the wyvern.
The wyvern is severely wounded.
The wyvern bites you.
* * * LOW HITPOINT WARNING * * *
You completely miss the wyvern.
The wyvern is severely wounded.
You barely miss the hornet. The wyvern barely misses you.
The hornet stings you but does no damage.
The wyvern barely misses you. The hornet stings you.
* * * LOW HITPOINT WARNING * * *
You feel yourself slow down. The wyvern barely misses you.
You block the hornet's attack. The hornet barely misses you.
The wyvern bites you!
* * * LOW HITPOINT WARNING * * *
You feel yourself speed up. The hornet stings you.
You die...
Xom is highly amused!

##. ##... ..... ...^.#
.....## ### #. #...##
#.## #.##...###..######
###.....ly@....#...#
.........####.#....####
.)#.....## #.........#
###.Y.# ##..(......#
#...# #..........#
.....####....##..###
..............#...#
.#................#
.###......##.......#


You could see a hornet, a wyvern and a sky beast.

Vanquished Creatures
  A hydra skeleton (D:6)
  A wraith (D:6)
  Edmund (D:5)
  3 two-headed ogre zombies (D:6)
  Duvessa (D:5)
  A two-headed ogre skeleton (D:5)
  2 necrophages (D:6)
  A manticore skeleton (D:6)
  2 bullfrogs
  2 scorpions (D:6)
  Dowan (D:5)
  2 water moccasin skeletons
  A yak skeleton (D:6)
  5 wights (D:6)
  A centaur zombie (D:6)
  5 hounds
  A jelly (D:6)
  A centaur skeleton (D:5)
  A black bear skeleton (D:6)
  An orc wizard (D:4)
  Terence (D:2)
  An iguana (D:4)
  2 scorpion zombies
  2 acid dragon zombies
  An acid dragon skeleton (D:4)
  A hound skeleton (D:4)
  A howler monkey skeleton (D:6)
  3 adders
  A shadow imp (D:6)
  3 white imps
  An ufetubus (D:4)
  An adder skeleton (D:4)
  An adder zombie (D:4)
  2 worms
  4 dart slugs
  11 orcs
  5 endoplasms
  2 giant cockroaches
  7 goblins
  10 hobgoblins
  6 jackals
  5 kobolds
  2 quokkas
  4 ball pythons
  A ball python zombie (D:4)
  6 bats
  2 frilled lizards
  A goblin skeleton (D:6)
  A hobgoblin zombie (D:7)
  2 kobold zombies
  3 orc skeletons
  An orc zombie (D:6)
  3 rats (D:1)
131 creatures vanquished.

Vanquished Creatures (collateral kills)
  A scorpion (D:5)
1 creature vanquished.

Vanquished Creatures (others)
  7 plants (D:1)
  8 withered plants (D:1)
15 creatures vanquished.

Grand Total: 147 creatures vanquished

Notes
Turn   | Place    | Note
-------+----------+-------------------------------------------
     0 | D:1      | lemonriz the Palentonga Fighter began the quest for the
                  | Orb.
     0 | D:1      | Reached XP level 1. HP: 19/19 MP: 1/1
   172 | D:1      | Found Emoomn's Antique Weapon Boutique.
   432 | D:1      | Reached XP level 2. HP: 24/25 MP: 2/2
   570 | D:1      | Found a faded altar of an unknown god.
   762 | D:1      | Became a worshipper of Kikubaaqudgha
   762 | D:1      | Reached * piety under Kikubaaqudgha
   762 | D:1      | Received a gift from Kikubaaqudgha
   816 | D:1      | Learned a level 1 spell: Animate Skeleton
  1196 | D:2      | Reached XP level 3. HP: 27/31 MP: 3/3
  1372 | D:2      | Reached ** piety under Kikubaaqudgha
  1448 | D:2      | Noticed Terence
  1459 | D:2      | Killed Terence
  1645 | D:2      | Reached XP level 4. HP: 37/37 MP: 4/4
  2886 | D:4      | Reached XP level 5. HP: 35/43 MP: 5/5
  3118 | D:4      | Found a staircase to the Ecumenical Temple.
  3148 | Temple   | Entered the Ecumenical Temple
  3323 | Temple   | Fell from the grace of Kikubaaqudgha
  3323 | Temple   | Became a worshipper of Xom the Psychopath
  3471 | D:4      | XOM: silly message
  3987 | D:4      | Gained mutation: Your body sometimes deteriorates upon
                  | taking damage. [potion of mutation]
  3987 | D:4      | Lost mutation: Your body sometimes deteriorates upon taking
                  | damage. [potion of mutation]
  3987 | D:4      | Gained mutation: Your spells are a little harder to cast,
                  | but a little more powerful. [potion of mutation]
  4293 | D:4      | Identified the +0 pair of boots "Peolilex" {*Slow Will+
                  | Slay+3}
  4333 | D:5      | Entered Level 5 of the Dungeon
  4355 | D:5      | Reached XP level 6. HP: 51/51 MP: 6/6
  4386 | D:5      | XOM: 1-stop teleportation journey
  4553 | D:5      | XOM: summons 4 hostile demons
  4580 | D:5      | HP: 2/51 [white imp/puff of frost[Xom] (2)]
  4805 | D:5      | XOM: cloud trail
  4822 | D:5      | XOM: 2-stop teleportation journey
  4935 | D:5      | Noticed Duvessa
  4936 | D:5      | Noticed Dowan
  4936 | D:5      | XOM: enchant monster (good)
  4948 | D:5      | XOM: cast spell 'Disjunction'
  4955 | D:5      | XOM: summons 5 friendly demons
  4965 | D:5      | Killed Duvessa
  4966 | D:5      | Killed Dowan
  4967 | D:5      | Gained mutation: You curl defensively after being hit.
                  | [Palentonga growth]
  4967 | D:5      | Reached XP level 7. HP: 9/58 MP: 7/7
  5233 | D:5      | XOM: 8-stop teleportation journey
  5389 | D:5      | Noticed Edmund
  5392 | D:5      | XOM: smoke on damage
  5399 | D:5      | Killed Edmund
  5628 | D:5      | Found a stormy altar of Qazlal.
  5910 | D:6      | Found a sparkling altar of Nemelex Xobeh.
  5933 | D:6      | XOM: divination: magic mapping
  5939 | D:6      | Lost mutation: Your spells are a little harder to cast, but
                  | a little more powerful. [potion of mutation]
  5939 | D:6      | Gained mutation: You are frail. (-10% HP) [potion of
                  | mutation]
  5939 | D:6      | Gained mutation: You are partially covered in iridescent
                  | scales. (AC +2) [potion of mutation]
  5940 | D:6      | Lost mutation: You are frail. (-10% HP) [potion of
                  | mutation]
  5940 | D:6      | Gained mutation: You are clumsy. (Dex -2) [potion of
                  | mutation]
  5940 | D:6      | Gained mutation: You have a pair of small antennae on your
                  | head. [potion of mutation]
  5953 | D:6      | XOM: silly message
  6402 | D:6      | XOM: noise
  6422 | D:6      | Reached skill level 5 in Fighting
  6422 | D:6      | Reached skill level 5 in Long Blades
  6451 | D:6      | Reached XP level 8. HP: 66/66 MP: 8/8
  6623 | D:6      | XOM: enchant monster (bad)
  6911 | D:6      | XOM: confusion (+ monsters)
  7010 | D:6      | Identified a scroll of acquirement
  7010 | D:6      | Acquired a +2 pair of gloves of stealth
  7197 | D:6      | Reached skill level 5 in Armour
  7295 | D:6      | XOM: fog
  7345 | D:6      | XOM: summons 2 hostile shadow creatures
  7357 | D:6      | Reached skill level 5 in Shields
  7560 | D:6      | XOM: cleaving
  7622 | D:5      | XOM: divination: detect creatures
  7760 | D:6      | XOM: divination: magic mapping
  8145 | D:7      | XOM: noise
  8214 | D:7      | XOM: cleaving
  8221 | D:7      | Noticed a hornet
  8226 | D:7      | HP: 1/67 [wyvern (10)]
  8227 | D:7      | Slain by a hornet

Illustrated notes

Levels and vault maps discovered:
D:1:      giann_bridges, layout_basic, shapermc_ecumenical_altar_flowoftime,
          serial_shops, shop, minmay_misc_feat_pillars
D:2:      layout_rooms, uniq_terence
D:3:      layout_basic, kennysheep_generic_room_2
D:4:      minmay_spotlight, layout_cave_pools, minmay_temple_entry_overgrown,
          kennysheep_diamond
D:5:      layout_gridville, mainiacjoe_overflow_alcove_1, uniq_edmund,
          uniq_duvessa
D:6:      layout_loops_ring, nemelex_xobeh_ov_fountains_minmay,
          serial_co_window_serial, co_window_corner_a, co_window_corner_a,
          co_window_paths_a, co_window_corner_a, co_window_paths_a,
          co_window_corner_a, co_window_paths_b, co_window_paths_c,
          co_window_broadway_a, co_window_corner_b, glass_columns_c,
          glass_columns_c, glass_columns_a, glass_columns_a, kennysheep_potato
D:7:      layout_cave_pools, nzn_wu_jian_contemplation
Temple:   hc_temple_tempest_star

Skill      XL: |  1  2  3  4  5  6  7  8 |
---------------+-------------------------+-----
Armour         | 3 4 5 |  5.2
Long Blades    | 3 4 5 6 |  6.1
Shields        | 3 4 5 |  5.0
Fighting       | 4 5 6 |  6.0
Dodging        | |  0.5

Action                   |  1- 3 |  4- 6 |  7- 9 || total
-------------------------+-------+-------+-------++-------
Melee: Long sword        |    86 |       |       ||    86
       Tailslap          |    12 |    30 |    34 ||    76
       Falchion          |     2 |   146 |   195 ||   343
 Abil: Rolling Charge    |       |       |     1 ||     1
Evoke: Wand              |       |     1 |       ||     1
  Use: Potion            |       |     5 |     5 ||    10
       Scroll            |       |     1 |     2 ||     3
Armor: Scale mail        |    50 |    56 |    83 ||   189
Dodge: Dodged            |    25 |    45 |    61 ||   131
Block: Kite shield       |    58 |    85 |   104 ||   247
       Rpst.: Long sword |     8 |       |       ||     8
       Falchion          |     1 |    15 |    14 ||    30

Table legend: (Time is in decaauts)
 A = Elapsed time spent in this place.
 B = Non-inter-level travel time spent in this place.
 C = Inter-level travel time spent in this place.
 D = Time resting spent in this place.
 E = Time spent auto-exploring this place.
 F = Levels seen in this place.
 G = Mean time per level.
                   A        B        C        D        E       F      G
               +--------+--------+--------+--------+--------+-----+--------+
         Total |   8369 |   8178 |    191 |   1933 |   4744 |   8 | 1046.1 |
       Dungeon |   8181 |   7990 |    191 |   1933 |   4655 |   7 | 1168.7 |
        Temple |    187 |    187 |      0 |      0 |     89 |   1 |  187.0 |
               +--------+--------+--------+--------+--------+-----+--------+

Top non-repeatable levels by time:
     D:6: 1965 daAuts
     D:4: 1830 daAuts
     D:5: 1673 daAuts
     D:1: 1183 daAuts
     D:3: 864 daAuts
     D:2: 579 daAuts
  Temple: 187 daAuts
     D:7: 84 daAuts
